 Dungeon Crawl Stone Soup version 0.14-a0-2359-g1e808ab (webtiles) character file.

118 Econoterrorist the Poker (level 4, -2/33 HPs)
             Began as a Merfolk Skald on Jan 31, 2014.
             Slain by a gnoll (7 damage)
             ... on Level 1 of the Dungeon.
             The game lasted 00:06:55 (2036 turns).

Econoterrorist the Poker (Merfolk Skald)            Turns: 2036, Time: 00:06:55

HP  -2/33        AC  5     Str 12      XL: 4   Next: 37%
MP   2/7         EV  9     Int 12      God:
Gold 39          SH  0     Dex 13      Spells:  2 memorised,  4 levels left

rFire  . . .     SeeInvis .     a - +0 spear
rCold  . . .     Clarity  .     m - +0 ring mail
rNeg   . . .     Conserve .     (no shield)
rPois  .         rCorr    .     (no helmet)
rElec  .         rRot     .     (no cloak)
SustAb . .       Spirit   .     (no gloves)
rMut   .         Warding  .     (no boots)
Saprov . . .     Stasis   .     i - amulet of faith {unknown}
MR     +....                    p - ring of flight
                                e - ring of protection from magic {unknown}

@: very slightly contaminated, somewhat resistant to hostile enchantments,
extremely unstealthy
A: change form in water, swift swim
a: Evoke Flight


You were on level 1 of the Dungeon.
You were hungry.

You visited 1 branch of the dungeon, and saw 2 of its levels.

You collected 39 gold pieces.

Inventory:

Hand weapons
 a - a +0,+0 spear (weapon)
Armour
 b - a +0 leather armour
 m - a +0 ring mail (worn)
Comestibles
 d - a bread ration
 f - a choko
 q - a chunk of human flesh
Scrolls
 g - 2 scrolls of identify {unknown}
 h - a scroll of enchant weapon II {unknown}
 j - a scroll of remove curse {unknown}
 n - a scroll of amnesia {unknown}
 o - a scroll of fog {unknown}
Jewellery
 e - a ring of protection from magic (left hand) {unknown}
 i - an amulet of faith (around neck) {unknown}
 p - a ring of flight (right hand)
Potions
 k - 2 potions of curing {unknown}
 l - a potion of mutation {unknown}
Books
 c - a book of Battle

   Spells                             Type                      Level
   *Infusion                          Charms                       1
   *Shroud of Golubria                Charms/Translocation         2
   Song of Slaying                    Charms                       2
   Spectral Weapon                    Hexes/Charms                 3
   Regeneration                       Charms/Necromancy            3


   Skills:
 - Level 2.1 Fighting
 - Level 6.0 Polearms
 - Level 0.6 Armour
 - Level 1.3 Dodging
 - Level 2.0 Spellcasting
 + Level 3.8 Charms


You had 4 spell levels left.
You knew the following spells:

 Your Spells              Type           Power        Failure   Level  Hunger
a - Infusion              Chrm           ##....       12%         1    ##.....
b - Shroud of Golubria    Chrm/Tloc      #.........   34%         2    ###....


Dungeon Overview and Level Annotations

Branches:
Dungeon (2/16)

Altars:
Nemelex Xobeh


Message History

The gnoll is moderately wounded.
The gnoll hits you.
You hit the gnoll.
The gnoll is moderately wounded.
The gnoll hits you.
You hit the gnoll.
The gnoll is severely wounded.
You hit the gnoll.
The gnoll is almost dead.
The gnoll hits you.
* * * LOW HITPOINT WARNING * * *
You closely miss the gnoll.
The gnoll is almost dead.
The gnoll hits you but does no damage.
Casting: Shroud of Golubria
Confirm with . or Enter, or press ? or * to list all spells.
You miscast Shroud of Golubria.
You are very lightly contaminated with residual magic.
Strange energies run through your body. The gnoll hits you!
You die...

........##...# #...#.# #.##..
.#...#.#################.###.##.#
.....)...........#...##...#...#%#
.#####)###...#...#...##...#...#.#
...###...........%...............
..............................%..
...###...#######.#######.###.###.
.######...######g###...#.###.####
........)......%@................
#.#####....##............###.####
#.##.......##.......##...# #...#
#.##..(((..##.......####.# #...#
#.#.(..#########...###...###...#
#..............................#
#.....##########.#####...###...#
#...###...# #...##....###...#
#.### #...### #...##.....##.###


You could see a gnoll.

Vanquished Creatures
  A hound (D:2)
  Terence (D:1)
  An adder (D:2)
  An ooze (D:2)
  A ball python (D:1)
  5 hobgoblins
  2 jackals (D:1)
  5 kobolds
  4 bats
  A giant gecko (D:1)
  3 giant newts (D:1)
  3 goblins
  4 rats (D:1)
32 creatures vanquished.

Notes
Turn   | Place    | Note
--------------------------------------------------------------
     0 | D:1      | Econoterrorist, the Merfolk Skald, began the quest for the Orb.
     0 | D:1      | Reached XP level 1. HP: 16/16 MP: 3/3
   502 | D:1      | Reached skill level 4 in Polearms
   502 | D:1      | Reached XP level 2. HP: 20/22 MP: 4/4
   681 | D:1      | Learned a level 2 spell: Shroud of Golubria
  1264 | D:1      | Reached XP level 3. HP: 23/27 MP: 6/6
  1284 | D:1      | Reached skill level 5 in Polearms
  1721 | D:2      | Reached skill level 6 in Polearms
  1802 | D:2      | Reached XP level 4. HP: 29/33 MP: 7/7
  1879 | D:2      | Noticed Terence
  1885 | D:2      | Found a sparkling altar of Nemelex Xobeh.
  1958 | D:1      | Killed Terence
  2036 | D:1      | Slain by a gnoll

Action                   |  1- 3 |  4- 6 || total
-------------------------+-------+-------++-------
Melee: Spear             |   135 |    75 ||   210
 Cast: Shroud of Golubri |     3 |     6 ||     9
